 Dungeon Crawl Stone Soup version 0.28-a0-1199-gef9e1dbd39 (webtiles) character file.

Game seed: 16458956483390369004

357 karrick the Covered (level 6, -2/39 HPs)
             Began as a Gargoyle Fighter on Dec 20, 2021.
             Killed by divine providence
             ... invoked by an orc priest
              (9 damage)
             ... on level 3 of the Dungeon.
             The game lasted 00:03:51 (3292 turns).

karrick the Covered (Gargoyle Fighter)              Turns: 3292, Time: 00:03:51

Health: -2/39      AC: 11    Str: 20    XL:     6   Next: 64%
Magic:  6/6        EV:  9    Int:  8    God:
Gold:   78         SH:  4    Dex: 11    Spells: 5/5 levels left

rFire   . . .      SeeInvis .   m - +2 flail (protect)
rCold   . . .      Faith    .   c - +0 buckler
rNeg    + . .      Spirit   .   b - +0 scale mail
rPois   ∞          Reflect  .   (no helmet)
rElec   +          Harm     .   (no cloak)
rCorr   .          Rampage  .   (no gloves)
Will    .....                   (no boots)
Stlth   ..........              (no amulet)
HPRegen 0.13/turn               (no ring)
MPRegen 0.10/turn               (no ring)

@: no status effects
A: sickness immunity, AC +4, negative energy resistance 1, electricity
resistance, torment resistance 1, petrification resistance
a: no special abilities


You were on level 3 of the Dungeon.
You visited 1 branch of the dungeon, and saw 3 of its levels.

You collected 78 gold pieces.

Inventory:

Hand Weapons
 m - a +2 flail of protection (weapon)
Armour
 b - a +0 scale mail (worn)
 c - a +0 buckler (worn)
Wands
 a - a wand of charming (11)
Scrolls
 e - 2 scrolls of identify {unknown}
 f - a scroll of fog {unknown}
 g - a scroll of noise {unknown}
 h - a scroll of blinking {unknown}
 i - a scroll of vulnerability {unknown}
 j - 2 scrolls of teleportation {unknown}
 l - a scroll of amnesia {unknown}
Potions
 d - a potion of might
 k - a potion of haste {unknown}


   Skills:
 + Level 4.3 Fighting
 + Level 4.3 Maces & Flails
 + Level 5.2 Armour
 - Level 0.4 Dodging
 + Level 0.2 Stealth
 + Level 4.2 Shields


You had 5 spell levels left.
You didn't know any spells.
Your spell library contained the following spells:

 Spells                   Type           Power      Damage    Failure   Level
 Magic Dart               Conj           0%         1d3       75%         1
 Call Imp                 Summ           0%         N/A       87%         2
 Call Canine Familiar     Summ           0%         N/A       98%         3
 Gell's Gravitas          Tloc           0%         N/A       98%         3
 Mephitic Cloud           Conj/Pois/Air  0%         N/A       98%         3
 Portal Projectile        Hex/Tloc       0%         N/A       98%         3
 Teleport Other           Tloc           0%         N/A       98%         3
 Tukima's Dance           Hex            0%         N/A       98%         3
 Leda's Liquefaction      Hex/Erth       0%         N/A       100%        4
 Passage of Golubria      Tloc           0%         N/A       100%        4
 Petrify                  Tmut/Erth      0%         N/A       100%        4
 Irradiate                Conj/Tmut      0%         3d14      100%        5
 Yara's Violent Unravell  Hex/Tmut       0%         3d3       100%        5
 Dispersal                Tloc           0%         N/A       100%        6
 Sublimation of Blood     Necr           Unusable   N/A       N/A         2

Dungeon Overview and Level Annotations

Branches:
Dungeon (3/15)

Altars:
Beogh


Innate Abilities, Weirdness & Mutations

You are immune to sickness and miasma.
Your stone body is resilient. (AC +4)
You are immune to poison.
You resist negative energy. (rN+)
You are resistant to electric shocks. (rElec)
You are resistant to unholy torment.
You are immune to petrification.


Message History

e - 2 scrolls labelled TULUTI MOFF (gained 1)
Items here: )) [ ††.
A gnoll is nearby!
A gnoll is nearby!
The gnoll shouts!
An orc priest comes into view. It is wielding a +0 dagger.
An orc comes into view. It is wielding a +0 dagger.
You enter the shallow water.
Moving in this stuff is going to be slow.
The gnoll hits you with a +0 spear.
Your unstable footing causes you to fumble your attack.
The gnoll barely misses you.
You sock the gnoll!
Your weapon exudes an aura of protection.
The gnoll is severely wounded.
The gnoll hits you but does no damage.
The orc priest invokes the aid of Beogh against you.
Pain shoots through your body!
You barely miss the gnoll.
The gnoll is severely wounded.
The gnoll hits you but does no damage.
The orc priest invokes the aid of Beogh against you.
Beogh smites you! You block the gnoll's attack.
You are too injured to fight recklessly!
You are too injured to fight recklessly!
You are too injured to fight recklessly!
You are too injured to fight recklessly!
You are too injured to fight recklessly!
You are too injured to fight recklessly!
You are too injured to fight recklessly!
The orc priest invokes the aid of Beogh against you.
Beogh smites you!
* * * LOW HITPOINT WARNING * * *
The gnoll hits you from afar with a +0 spear.
* * * LOW HITPOINT WARNING * * *
The orc priest mumbles some strange prayers to Beogh against you.
You barely resist.
The orc priest invokes the aid of Beogh against you.
Beogh smites you!
You die...

.##........)..........##.########
##.........g.......#.###.#
##.####.#.o...........##.# #..#
##...#####.##.##.##.#
..####...######....##....########
........g.............##........#
..##.......#####..........#...#.#
.........o.#####.###............#
...........g.o..@......##.#####.#
........).......##...####>####..#
............#####..### #..#)).#
............####..########.))###
...))....................#...####
....>....................#.......
##.).............................
##.#######................#......
#..# #.......†.......##......


You could see an orc priest, a gnoll and an orc.

Vanquished Creatures
  2 scorpions (D:2)
  2 howler monkeys (D:3)
  An orc priest (D:3)
  3 gnolls (D:3)
  2 adders
  A dart slug (D:1)
  9 orcs
  4 ball pythons
  2 endoplasms
  A giant cockroach (D:1)
  8 goblins
  4 hobgoblins
  12 jackals (D:3)
  2 quokkas
  9 bats
  A frilled lizard (D:1)
  8 kobolds
  7 rats
78 creatures vanquished.

Notes
Turn   | Place    | Note
-------+----------+-------------------------------------------
     0 | D:1      | karrick the Gargoyle Fighter began the quest for the Orb.
     0 | D:1      | Reached XP level 1. HP: 14/14 MP: 1/1
   227 | D:1      | Reached XP level 2. HP: 19/19 MP: 2/2
   854 | D:1      | Reached XP level 3. HP: 24/24 MP: 3/3
   929 | D:1      | Reached skill level 4 in Armour
  1265 | D:2      | Found a faded altar of an unknown god.
  1450 | D:2      | Noticed a scorpion
  1464 | D:2      | Killed a scorpion
  1465 | D:2      | Reached XP level 4. HP: 6/29 MP: 4/4
  1943 | D:2      | Reached XP level 5. HP: 27/33 MP: 5/5
  2772 | D:3      | Reached skill level 5 in Armour
  2772 | D:3      | Reached XP level 6. HP: 11/38 MP: 6/6
  3292 | D:3      | Killed from afar by an orc priest

Illustrated notes

Levels and vault maps discovered:
D:1:      dpeg_arrival_stonehenge_12_columns, layout_basic, minmay_misc_feat_x
D:2:      layout_rooms, hellmonk_ecumenical_altar_defaced_shrine,
          chequers_arboretum, grunt_ministairs_2
D:3:      lemuel_castle_with_subvaults [lemuel_castle_interior_carwin_2],
          layout_rooms, mainiacjoe_overflow_alcove_1

Skill      XL: |  1  2  3  4  5  6 |
---------------+-------------------+-----
Armour         | 4 5 |  5.2
Fighting       | 4 |  4.3
Maces & Flails | 3 4 |  4.3
Shields        | 4 |  4.2
Dodging        | |  0.4
Stealth        | |  0.2

Action                   |  1- 3 |  4- 6 || total
-------------------------+-------+-------++-------
Melee: Flail             |   151 |   214 ||   365
  Use: Potion            |       |     1 ||     1
Armor: Scale mail        |    88 |   126 ||   214
Dodge: Dodged            |    78 |   108 ||   186
Block: Buckler           |    34 |    60 ||    94

Table legend: (Time is in decaauts)
 A = Elapsed time spent in this place.
 B = Non-inter-level travel time spent in this place.
 C = Inter-level travel time spent in this place.
 D = Time resting spent in this place.
 E = Time spent auto-exploring this place.
 F = Levels seen in this place.
 G = Mean time per level.
                   A        B        C        D        E       F      G
               +--------+--------+--------+--------+--------+-----+--------+
         Total |   3392 |   3379 |     13 |      0 |   2700 |   3 | 1130.7 |
       Dungeon |   3392 |   3379 |     13 |      0 |   2700 |   3 | 1130.7 |
               +--------+--------+--------+--------+--------+-----+--------+

Top non-repeatable levels by time:
     D:2: 1257 daAuts
     D:1: 1156 daAuts
     D:3: 979 daAuts
